 Dungeon Crawl Stone Soup version 0.24.0-13-gcf9b3192b9 (webtiles) character file.

Game seed: 4384060736510869395, levelgen mode: deterministic

221 Esekla the Skirmisher (level 5, -6/29 HPs)
             Began as a Vine Stalker Abyssal Knight on Nov 10, 2019.
             Was a Priest of Lugonu.
             Killed by divine providence
             ... invoked by an orc priest
              (14 damage)
             ... on level 4 of the Dungeon.
             The game lasted 00:20:39 (3047 turns).

Esekla the Skirmisher (Vine Stalker Abyssal Knight) Turns: 3047, Time: 00:20:40

Health: -6/29      AC:  3    Str: 14    XL:     5   Next: 98%
Magic:  0/7        EV: 12    Int: 12    God:    Lugonu [***...]
Gold:   155        SH:  0    Dex: 15    Spells: 4/4 levels left

rFire    . . .     SeeInvis .   r - +2 dagger (venom)
rCold    . . .     Gourm    .   (no shield)
rNeg     . . .     Faith    +   b - +0 leather armour
rPois    .         Spirit   +   (no helmet)
rElec    .         Reflect  .   (no cloak)
rCorr    .         Harm     .   (no gloves)
MR       .....                  (no boots)
Stlth    +.........             k - amulet of faith (curse)
HPRegen  0.49/turn              (no ring)
MPRegen  0.10/turn              (no ring)

@: no status effects
A: fangs 2, regeneration 1, magic shield, antimagic bite, no potion heal 3, rot
immunity
a: Depart the Abyss, Bend Space, Banish, Renounce Religion


You were on level 4 of the Dungeon.
You worshipped Lugonu.
Lugonu was most pleased with you.
You were hungry.

You visited 1 branch of the dungeon, and saw 5 of its levels.
You visited the Abyss 1 time.

You collected 155 gold pieces.

Inventory:

Hand Weapons
 a - a +1 falchion
 p - a +2 dagger of electrocution
 r - a +2 dagger of venom (weapon)
Armour
 b - a +0 leather armour (worn)
Jewellery
 k - a cursed amulet of faith (around neck)
Wands
 n - a wand of flame (9)
Scrolls
 d - 4 scrolls of remove curse {unknown}
 e - a scroll of vulnerability {unknown}
 g - 3 scrolls of identify
 m - a scroll of teleportation {unknown}
 o - a scroll of noise {unknown}
 q - a scroll of enchant armour {unknown}
 s - 3 scrolls of enchant weapon {unknown}
 v - a scroll of blinking {unknown}
 x - a scroll of amnesia {unknown}
Potions
 f - a potion of heal wounds {unknown}
 h - a potion of invisibility {unknown}
 i - 3 potions of agility
 j - a potion of mutation
 l - a potion of haste {unknown}
 t - a potion of resistance {unknown}
 u - a potion of curing {unknown}
 w - a potion of brilliance {unknown}
Comestibles
 c - 4 rations


   Skills:
 * Level 4.1 Fighting
 * Level 0.8(2.2) Short Blades
 + Level 3.2(3.3) Long Blades
 + Level 2.3 Armour
 + Level 1.5 Dodging
 + Level 0.7 Stealth
 * Level 1.8 Invocations


You had 4 spell levels left.
You didn't know any spells.
Your spell library was empty.

Dungeon Overview and Level Annotations

Branches:
Dungeon (5/15)
 Temple: D:4-7

Altars:

Annotations:
D:5 2 transporters, PlayerOfArmor's ghost, novice VSBe


Innate Abilities, Weirdness & Mutations

You have extremely sharp teeth.
Your natural rate of healing is unusually fast.
When hurt, damage is shared between your health and your magic reserves.
Your bite disrupts and absorbs the magic of your enemies.
Potions cannot restore your health.
You are immune to rotting.


Message History

g - 3 scrolls of identify (gained 1)
Found a stone staircase leading down.
An orc priest comes into view. It is wielding a +0 short sword.
The orc priest shouts!
You hear a shout!
The orc priest calls down the wrath of Beogh upon you.
Beogh smites you!
There is a stone staircase leading down here. 3 orcs come into view.
The orc priest mumbles some strange prayers to Beogh against you.
Beogh smites you!
* * * LOW HITPOINT WARNING * * *
The orc moves out of view.
The orc shouts! x2; You hear a shout!
Found a stone staircase leading down.
An orc comes into view. It is wielding a +0 flail.
The orc moves out of view.
There is a stone staircase leading down here.
The orc priest invokes the aid of Beogh against you.
Beogh smites you!
You die...

##.#.##.# ####.####
##.#.##.# #.#
........# .#
####.#### .#
#####.#
#.######.###.....##
#............. ...#
#).####.####.# ...
#..####.####.##.#
#....##......@..#
##.#.........##...#
#.......###.# ..##
#######.###......#
#...#####.....
#...# ##..o. #...#
..oo. #...# ..>o.
#...#


You could see an orc priest and an orc.

Vanquished Creatures
  A scorpion (D:4)
  Natasha (D:2)
  A worker ant (D:4)
  3 adders
  An ooze (D:1)
  4 worms
  5 dart slugs
  3 leopard geckos
  2 orcs (D:4)
  A giant cockroach (D:4)
  7 goblins
  9 hobgoblins
  10 kobolds
  A quokka (D:2)
  A ball python (D:3)
  8 bats
  5 frilled lizards
  A quokka skeleton (D:4)
  12 rats
76 creatures vanquished.

Vanquished Creatures (others)
  2 starspawn tentacles (Abyss:3)
2 creatures vanquished.

Grand Total: 78 creatures vanquished

Notes
Turn   | Place    | Note
-------+----------+-------------------------------------------
     0 | Abyss:1  | Esekla the Vine Stalker Abyssal Knight began the quest for
                  | the Orb.
     0 | Abyss:1  | Reached XP level 1. HP: 11/11 MP: 3/3
    71 | Abyss:2  | Noticed an iron imp
    76 | Abyss:3  | Noticed an ancient lich
    86 | Abyss:3  | Noticed a tentacled starspawn
    97 | D:1      | Escaped the Abyss
   165 | D:1      | Reached skill level 3 in Fighting
   247 | D:1      | Reached XP level 2. HP: 9/16 MP: 2/4
   253 | D:1      | Reached * piety under Lugonu
   566 | D:2      | Reached XP level 3. HP: 14/20 MP: 5/5
   868 | D:3      | Reached ** piety under Lugonu
  1015 | D:5      | Entered Level 5 of the Dungeon
  1015 | D:5      | Found a transporter.
  1015 | D:5      | Found a transporter.
  1015 | D:5      | Noticed PlayerOfArmor's ghost (novice VSBe)
  1016 | D:5      | Noticed a crocodile
  1294 | D:4      | Reached skill level 1 in Dodging
  1294 | D:4      | Gained mutation: Your natural rate of healing is unusually
                  | fast. [Vine Stalker growth]
  1294 | D:4      | Reached XP level 4. HP: 19/25 MP: 4/6
  1368 | D:4      | Reached XP level 5. HP: 18/29 MP: 5/7
  1831 | D:2      | Reached skill level 4 in Fighting
  2823 | D:2      | Noticed Natasha
  2830 | D:2      | Killed Natasha
  2918 | D:2      | Reached *** piety under Lugonu
  3047 | D:4      | Killed from afar by an orc priest

Levels and vault maps discovered:
D:1:      mainiacjoe_arrival_reflecting_pool, layout_basic
D:2:      layout_loops_corners, st_stairs_5, uniq_natasha
D:3:      layout_loops_cross, chequers_decorated_corner
D:4:      layout_loops_cross, first_ration, grunt_ministairs_7
D:5:      layout_basic, kennysheep_little_box, gammafunk_temple_overflow_wave,
          gammafunk_ghost_arena, hangedman_decor_riveting

Skill      XL: |  1  2  3  4  5 |
---------------+----------------+-----
Fighting       | 3 4 |  4.1
Long Blades    | 2 3 |  3.2
Dodging        | 1 |  1.5
Armour         | 2 |  2.3
Short Blades   | |  0.8
Stealth        | |  0.7
Invocations    | |  1.8

Action                   |  1- 3 |  4- 6 || total
-------------------------+-------+-------++-------
Melee: Falchion          |    90 |    24 ||   114
       Bite              |    21 |    29 ||    50
       Dagger            |       |    87 ||    87
Throw: Javelin           |     2 |     6 ||     8
Invok: Depart the Abyss  |     1 |       ||     1
  Use: Scroll            |     1 |     2 ||     3
 Stab: Sleeping          |       |     2 ||     2
  Eat: Chunk             |       |     6 ||     6
Armor: Leather armour    |    37 |    18 ||    55
Dodge: Dodged            |    48 |    42 ||    90
       Rpst.: Falchion   |    20 |     3 ||    23
